 Dungeon Crawl Stone Soup version 0.28-b1-1-g3c77fb2 (webtiles) character file.

Game seed: 12780543756724057953

126 Host24 the Bolt Thrower (level 5, -2/32 HPs)
             Began as a Kobold Hunter on Jan 29, 2022.
             Slain by Ijyb (7 damage)
             ... on level 4 of the Dungeon.
             The game lasted 00:05:57 (3034 turns).

Host24 the Bolt Thrower (Kobold Hunter)             Turns: 3034, Time: 00:05:58

Health: -2/32      AC:  4    Str: 11    XL:     5   Next: 31%
Magic:  5/5        EV: 18    Int: 13    God:
Gold:   138        SH:  0    Dex: 15    Spells: 4/4 levels left

rFire   . . .      SeeInvis .   a - +1 hand crossbow
rCold   . . .      Faith    .   (no shield)
rNeg    . . .      Spirit   .   c - +0 leather armour
rPois   .          Reflect  .   (no helmet)
rElec   .          Harm     .   (no cloak)
rCorr   .          Rampage  .   r - +0 pair of gloves
Will    .....                   (no boots)
Stlth   ++........              (no amulet)
HPRegen 0.10/turn               n - +4 ring of evasion
MPRegen 0.09/turn               (no ring)

@: confused
A: small, no large weapons, nightstalker 3
a: no special abilities


You were on level 4 of the Dungeon.
You visited 1 branch of the dungeon, and saw 4 of its levels.

You collected 138 gold pieces.

Inventory:

Hand Weapons
 a - a +1 hand crossbow (weapon)
 u - a +0 hunting sling
 v - a +0 rapier
Missiles
 d - 10 bolts (quivered ammo)
 h - 15 arrows
 j - 35 stones
 o - 21 sling bullets
 s - 3 poisoned darts
Armour
 c - a +0 leather armour (worn)
 r - a +0 pair of gloves (worn)
Jewellery
 f - a ring of wizardry
 i - an amulet of faith
 n - a +4 ring of evasion (left hand)
Scrolls
 e - 2 scrolls of identify {unknown}
 g - 3 scrolls of teleportation {unknown}
 l - 3 scrolls of noise {unknown}
 m - 2 scrolls of enchant weapon {unknown}
 p - a scroll of brand weapon {unknown}
 t - a scroll of torment {unknown}
Potions
 k - a potion of cancellation {unknown}
 q - a potion of heal wounds {unknown}


   Skills:
 - Level 3.0 Fighting
 + Level 7.1 Crossbows
 - Level 2.4 Dodging
 - Level 1.3 Stealth


You had 4 spell levels left.
You didn't know any spells.
Your spell library was empty.

Dungeon Overview and Level Annotations

Branches:
Dungeon (4/15)
 Temple: D:4-7

Altars:
Fedhas

Shops:
D:4 ?

Annotations:
D:4 Ijyb


Innate Abilities, Weirdness & Mutations

You are small and have problems with some larger weapons.
You are completely attuned to the shadows.


Message History

You shoot a bolt. The bolt hits Ijyb!
Ijyb is almost dead.
Ijyb hits you with a +6 club.
Fire: 14 bolts
Press: ? - help, Q - select action, (/) - cycle Shift-Dir - straight line, f/p - Ijyb
Aim: Ijyb, wielding a +6 club, wearing a +0 leather armour and carrying a wand of charming (10) (almost dead, 61% to hit)
You shoot a bolt. The bolt closely misses Ijyb.
Ijyb barely misses you.
Fire: 13 bolts
Press: ? - help, Q - select action, (/) - cycle Shift-Dir - straight line, f/p - Ijyb
Aim: Ijyb, wielding a +6 club, wearing a +0 leather armour and carrying a wand of charming (10) (almost dead, 61% to hit)
You shoot a bolt. The bolt completely misses Ijyb.
Ijyb zaps a wand.
You resist with some effort.
Fire: 12 bolts
Press: ? - help, Q - select action, (/) - cycle Shift-Dir - straight line, f/p - Ijyb
Aim: Ijyb, wielding a +6 club, wearing a +0 leather armour and carrying a wand of charming (9) (almost dead, 61% to hit)
You shoot a bolt. The bolt hits Ijyb but does no damage.
Ijyb is almost dead.
Ijyb zaps a wand.
Your will is overpowered!
You are confused.
Non-targeted confused fire: 11 bolts
Press: ? - help, Q - select action, (/) - cycle Dir - look around, f - activate You shoot a bolt.
Ijyb zaps a wand.
Your will is overpowered!
You are more confused.
Unknown command.
Ijyb closely misses you.
Ijyb zaps a wand.
Your will is overpowered!
You are more confused.
Ijyb zaps a wand.
You resist with some effort.
There is an entrance to Zetreral's Magic Scroll Boutique here.
Ijyb hits you with a +6 club!
* * * LOW HITPOINT WARNING * * *
You completely miss Ijyb.
Ijyb is almost dead.
Ijyb zaps a wand.
You resist with some effort.
Unknown command.
There is an entrance to Zetreral's Magic Scroll Boutique here.
You're too confused to move!
Ijyb hits you with a +6 club!
You die...

####.##
####.....##
##.........#
#.......<>#.
#.(....@...#
#.....g...#
##......(.#
##...(....##
####..##.....#
###....####...##
#......## ##(##
##.......## ###
#.........#


You could see Ijyb.

Vanquished Creatures
  Jessica (D:2)
  A hound skeleton (D:4)
  2 adders
  A worm (D:2)
  4 dart slugs
  6 bats
  3 endoplasms
  2 giant cockroaches
  8 goblins
  6 hobgoblins
  4 jackals
  4 kobolds
  3 quokkas
  A ball python (D:1)
  4 frilled lizards
  5 rats
55 creatures vanquished.

Notes
Turn   | Place    | Note
-------+----------+-------------------------------------------
     0 | D:1      | Host24 the Kobold Hunter began the quest for the Orb.
     0 | D:1      | Reached XP level 1. HP: 12/12 MP: 1/1
   114 | D:1      | Reached skill level 5 in Crossbows
   453 | D:1      | Reached XP level 2. HP: 18/18 MP: 2/2
   726 | D:1      | Reached XP level 3. HP: 22/23 MP: 3/3
  1327 | D:2      | Noticed Jessica
  1333 | D:2      | Killed Jessica
  1334 | D:2      | Reached skill level 6 in Crossbows
  1334 | D:2      | Reached XP level 4. HP: 20/28 MP: 4/4
  1988 | D:2      | Found a faded altar of an unknown god.
  2741 | D:3      | Reached XP level 5. HP: 32/32 MP: 5/5
  2753 | D:3      | Found a blossoming altar of Fedhas.
  2885 | D:3      | Reached skill level 7 in Crossbows
  3010 | D:4      | Found Zetreral's Magic Scroll Boutique.
  3012 | D:4      | Noticed Ijyb
  3034 | D:4      | Slain by Ijyb

Illustrated notes

Levels and vault maps discovered:
D:1:      lemuel_arrival_broad_hall, layout_loops_ring, minmay_split_cup_small
D:2:      layout_basic, shapermc_ecumenical_altar_notcrosses, uniq_jessica
D:3:      layout_rooms, fedhas_altar_2
D:4:      layout_cave_pods, grunt_temple_overflow_holy_war,
          mainiacjoe_overflow_small_starburst, serial_shops, shop, uniq_ijyb,
          uniq_crazy_yiuf_cottage, uniq_menkaure

Skill      XL: |  1  2  3  4  5 |
---------------+----------------+-----
Crossbows      | 5 6 7 |  7.1
Fighting       | 3 |  3.0
Dodging        | |  2.4
Stealth        | |  1.3

Action                   |  1- 3 |  4- 6 || total
-------------------------+-------+-------++-------
Melee: Short sword       |    70 |    84 ||   154
       Punch             |       |     2 ||     2
       Hand crossbow     |       |     1 ||     1
 Fire: Hand crossbow     |     4 |    15 ||    19
 Stab: Sleeping          |    13 |    11 ||    24
Armor: Leather armour    |    12 |    17 ||    29
Dodge: Dodged            |    58 |    56 ||   114
